 Dungeon Crawl Stone Soup version 0.27-a0-860-gaf99fae3ca (webtiles) character file.

Game seed: 12760830506177446131

170 DarkShadow the Shield-Bearer (level 5, 0/46 HPs)
             Began as a Minotaur Fighter on Apr 1, 2021.
             Killed by nerve-wracking pain
             ... invoked by an orc priest
              (6 damage)
             ... on level 3 of the Dungeon.
             The game lasted 00:06:25 (2633 turns).

DarkShadow the Shield-Bearer (Minotaur Fighter)     Turns: 2633, Time: 00:06:27

Health: 0/46       AC:  9    Str: 20    XL:     5   Next: 26%
Magic:  13/13      EV:  7    Int:  5    God:
Gold:   172        SH:  9    Dex: 11    Spells: 4/4 levels left

rFire    . . .     SeeInvis .   a - +0 war axe
rCold    . . .     Faith    .   c - +0 kite shield
rNeg     . . .     Spirit   .   b - +0 scale mail
rPois    +         Reflect  .   (helmet restricted)
rElec    .         Harm     .   d - +1 cloak
rCorr    .         Rampage  .   (no gloves)
Will     .....                  (no boots)
Stlth    ..........             (no amulet)
HPRegen  0.15/turn              g - ring of Xujo Cod {rPois MP+9}
MPRegen  0.13/turn              (no ring)

@: no status effects
A: horns 2, retaliatory headbutt
a: no special abilities


You were on level 3 of the Dungeon.
You visited 1 branch of the dungeon, and saw 3 of its levels.

You collected 172 gold pieces.

Inventory:

Hand Weapons
 a - a +0 war axe (weapon)
Armour
 b - a +0 scale mail (worn)
 c - a +0 kite shield (worn)
 d - a +1 cloak (worn)
Jewellery
 g - the ring of Xujo Cod (left hand) {rPois MP+9}
   (You acquired it on level 2 of the Dungeon)

   [ring of magical power]

   It protects you from poison.
   It affects your magic capacity (+9).
Scrolls
 h - 2 scrolls of immolation {unknown}
 i - a scroll of torment {unknown}
 k - a scroll of teleportation {unknown}
 l - a scroll of enchant weapon {unknown}
Potions
 e - 3 potions of magic {unknown}
 f - a potion of flight {unknown}
 j - a potion of invisibility {unknown}


   Skills:
 + Level 3.9 Fighting
 + Level 4.5 Axes
 + Level 4.7 Armour
 + Level 0.6 Dodging
 + Level 4.9 Shields


You had 4 spell levels left.
You didn't know any spells.
Your spell library was empty.

Dungeon Overview and Level Annotations

Branches:
Dungeon (3/15)

Altars:


Innate Abilities, Weirdness & Mutations

You have a pair of horns on your head.
You reflexively headbutt those who attack you in melee.


Message History

You barely miss the orc priest.
The orc priest is almost dead.
The orc priest closely misses you.
You closely miss the orc priest. Your headbutt misses the orc priest.
The orc priest is almost dead.
The orc priest hits you with a +0 dagger.
The orc priest calls down the wrath of Beogh upon you.
You barely resist. You hit the orc priest.
You kill the orc priest!
The orc priest looks encouraged for a moment.
You hit the orc priest but do no damage.
The orc priest completely misses you.
You hit the orc priest.
The orc priest is lightly wounded.
You block the orc priest's attack.
The orc priest hits you but does no damage.
You hit the orc priest. Your headbutt misses the orc priest.
The orc priest is moderately wounded.
The giant cockroach waves its antennae.
The orc priest hits you but does no damage.
You hit the orc priest.
The orc priest is heavily wounded.
The orc priest barely misses you.
The orc priest miscasts a cantrip.
You barely miss the orc priest. Your headbutt misses the orc priest.
The orc priest is heavily wounded.
The orc priest hits you with a +0 club.
You hit the orc priest.
You headbutt the orc priest, but do no damage.
The orc priest is severely wounded.
You block the orc priest's attack.
You closely miss the orc priest. Your headbutt misses the orc priest.
The orc priest is severely wounded.
The orc priest invokes the aid of Beogh against you.
Beogh smites you!
* * * LOW HITPOINT WARNING * * *
The orc priest mumbles some strange prayers to Beogh against you.
Pain shoots through your body!
You die...

###### #...
.....# ....B
####.# .....
.>.#.# .(...o
##.#.#
......###
.#.#.#
.......B#
.#.#.# #o#
.#.#.## #o#
......# #@#
......######
#.#
......#....#
#.#
###...#....#.#
#.#
......#....#.#
#.#
......#....#.#
#.#
......#....#.#
#.#
.....†'......#
#.#
......#......#
#.#


You could see an orc priest, an orc and a giant cockroach.

Vanquished Creatures
  An orc priest (D:3)
  Crazy Yiuf (D:2)
  4 adders
  2 worms
  2 dart slugs (D:2)
  3 orcs (D:3)
  5 ball pythons
  4 bats
  6 endoplasms
  5 giant cockroaches
  5 goblins
  3 hobgoblins
  6 jackals (D:1)
  2 quokkas
  4 frilled lizards (D:1)
  6 kobolds
  4 rats
63 creatures vanquished.

Notes
Turn   | Place    | Note
-------+----------+-------------------------------------------
     0 | D:1      | DarkShadow the Minotaur Fighter began the quest for the
                  | Orb.
     0 | D:1      | Reached XP level 1. HP: 19/19 MP: 0/0
   205 | D:1      | Reached XP level 2. HP: 27/27 MP: 1/1
   736 | D:1      | Reached XP level 3. HP: 32/33 MP: 2/2
   995 | D:2      | Found a faded altar of an unknown god.
  1598 | D:2      | Reached XP level 4. HP: 39/40 MP: 3/3
  1719 | D:2      | Found a runed translucent door.
  1720 | D:2      | Noticed Crazy Yiuf
  1985 | D:2      | Killed Crazy Yiuf
  2002 | D:2      | Identified a scroll of acquirement
  2002 | D:2      | Acquired the ring of Xujo Cod {rPois MP+9}
  2598 | D:3      | Reached XP level 5. HP: 43/46 MP: 4/4
  2633 | D:3      | Killed from afar by an orc priest

Illustrated notes

Levels and vault maps discovered:
D:1:      dpeg_arrival_tiny_h, layout_basic, corexii_leaking_fountain
D:2:      layout_loops_ring, basic_ecumenical_altar, kennysheep_generic_room_5,
          uniq_crazy_yiuf_cottage
D:3:      layout_basic

Skill      XL: |  1  2  3  4 |
---------------+-------------+-----
Shields        | 4 |  4.9
Armour         | 4 |  4.7
Axes           | 3 4 |  4.5
Fighting       | |  3.9
Dodging        | |  0.6

Action                   |  1- 3 |  4- 6 || total
-------------------------+-------+-------++-------
Melee: War axe           |    91 |    41 ||   132
       Headbutt          |    10 |     6 ||    16
  Use: Scroll            |       |     1 ||     1
       Potion            |       |     1 ||     1
Armor: Scale mail        |    52 |    13 ||    65
Dodge: Dodged            |    26 |    14 ||    40
Block: Kite shield       |    62 |    18 ||    80

Table legend: (Time is in decaauts)
 A = Elapsed time spent in this place.
 B = Non-inter-level travel time spent in this place.
 C = Inter-level travel time spent in this place.
 D = Time resting spent in this place.
 E = Time spent auto-exploring this place.
 F = Levels seen in this place.
 G = Mean time per level.
                   A        B        C        D        E       F      G
               +--------+--------+--------+--------+--------+-----+--------+
         Total |   2706 |   2691 |     15 |      0 |   1889 |   3 |  902.0 |
       Dungeon |   2706 |   2691 |     15 |      0 |   1889 |   3 |  902.0 |
               +--------+--------+--------+--------+--------+-----+--------+

Top non-repeatable levels by time:
     D:2: 1162 daAuts
     D:1: 1013 daAuts
     D:3: 530 daAuts
